 Dungeon Crawl Stone Soup version 0.29.1-12-g30fa7ad0bf (webtiles) character file.

Game seed: 10362983628553265570

14029 nachturnus the Carver (level 12, -25/88 HPs)
             Began as a Human Gladiator on Jan 4, 2023.
             Was a Priest of Hepliaklqana.
             Annihilated by Donald
             ... wielding a +1 vorpal eveningstar
              (28 damage)
             ... on level 2 of the Orcish Mines.
             The game lasted 00:55:05 (13605 turns).

nachturnus the Carver (Human Gladiator)            Turns: 13605, Time: 00:55:06

Health: -25/88     AC: 18    Str: 15    XL:     12   Next: 40%
Magic:  11/15      EV: 17    Int: 15    God:    Hepliaklqana [***...]
Gold:   1266       SH:  0    Dex: 24    Spells: 13/15 levels left

rFire   . . .      SeeInvis .   c - +3 long sword (venom)
rCold   + + .      Faith    .   (no shield)
rNeg    + . .      Spirit   .   k - +5 ring mail {rC+}
rPois   +          Reflect  .   v - +2 helmet
rElec   .          Harm     .   C - +2 ratskin cloak {*Rats rPois rN+ Str-1 Int-1 Dex+1}
rCorr   .          Rampage  .   (no gloves)
Will    .....                   (no boots)
Stlth   +.........              b - amulet of regeneration
HPRegen 1.04/turn               j - +6 ring of intelligence
MPRegen 0.14/turn               H - +6 ring of dexterity

@: about to teleport, on blink cooldown
A: reduced essence, cold resistance 1, MP-powered wands
a: Renounce Religion, Recall Ancestor, Ancestor Identity, Transference


You were on level 2 of the Orcish Mines.
You worshipped Hepliaklqana.
Hepliaklqana was most pleased with you.
You visited 3 branches of the dungeon, and saw 14 of its levels.

You collected 1266 gold pieces.

Inventory:

Hand Weapons
 a - a +5 falchion
 c - a +3 long sword of venom (weapon)
 r - a +2 falchion of flaming
 s - the +3 flail of Qott {antimagic, rPois rC+ Str+2}
   (You found it on level 8 of the Dungeon)

   It reduces the magical energy of the wielder, and disrupts the spells and
   magical abilities of those it strikes.
   Natural abilities and divine invocations are not affected.
   Str:       It affects your strength (+2).
   rC:        It protects you from cold.
   rPois:     It protects you from poison.
 I - a +1 vorpal long sword
Missiles
 d - 3 throwing nets
 e - a javelin
Armour
 k - a +5 ring mail of cold resistance (worn)
 o - a +0 plate armour
 v - a +2 helmet (worn)
 B - +0 steam dragon scales
 C - the +2 ratskin cloak (worn) {*Rats rPois rN+ Str-1 Int-1 Dex+1}
   (You found it on level 9 of the Dungeon)

   When the wearer is hurt, rats may emerge from it to assist them.
   Str:       It affects your strength (-1).
   Int:       It affects your intelligence (-1).
   Dex:       It affects your dexterity (+1).
   rPois:     It protects you from poison.
   rN:        It protects you from negative energy.
 E - a +2 cloak
 F - a +0 troll leather armour
Jewellery
 b - an amulet of regeneration (around neck)
 g - an amulet of faith
 j - a +6 ring of intelligence (left hand)
 n - a ring of see invisible
 u - a ring of magical power
 z - a ring of positive energy
 H - a +6 ring of dexterity (right hand)
Wands
 h - a wand of flame (12)
 w - a wand of paralysis (10)
 J - a wand of iceblast (5)
 L - a wand of polymorph (2)
Scrolls
 y - a scroll of magic mapping {unknown}
 D - 4 scrolls of teleportation
 K - a scroll of poison {unknown}
Potions
 f - 3 potions of ambrosia
 i - a potion of brilliance
 m - a potion of lignification
 p - a potion of resistance
 q - 2 potions of curing
 t - a potion of attraction
 x - 2 potions of cancellation
 A - a potion of berserk rage


   Skills:
 - Level 10.5 Fighting
 - Level 11.1 Long Blades
 - Level 2.8 Throwing
 + Level 7.1 Armour
 - Level 8.0 Dodging
 - Level 2.2 Spellcasting
 - Level 6.0 Translocations


You had 13 spell levels left.
You knew the following spells:

 Your Spells              Type           Power      Damage    Failure   Level
a - Blink                 Tloc           38%        N/A       4%          2

Your spell library contained the following spells:

 Spells                   Type           Power      Damage    Failure   Level
 Lesser Beckoning         Tloc           19%        N/A       10%         3
 Slow                     Hex            4%         N/A       36%         1
 Summon Small Mammal      Summ           4%         N/A       36%         1
 Manifold Assault         Tloc           19%        N/A       65%         5
 Call Canine Familiar     Summ           1%         N/A       75%         3
 Confusing Touch          Hex            1%         N/A       75%         3
 Summon Guardian Golem    Hex/Summ       1%         N/A       75%         3
 Vampiric Draining        Necr           1%         2d6       75%         3
 Cause Fear               Hex            0%         N/A       98%         4
 Corpse Rot               Necr/Pois/Air  1%         N/A       98%         4
 Dispel Undead            Necr           1%         3d6       98%         4
 Fireball                 Conj/Fire      0%         3d3       100%        5
 Freezing Cloud           Conj/Ice/Air   0%         6-21      100%        5
 Iskenderun's Battlesphe  Conj           1%         2d6       100%        5
 Conjure Ball Lightning   Conj/Air       0%         3x3d6     100%        6
 Death Channel            Necr           0%         N/A       100%        6
 Simulacrum               Ice/Necr       0%         N/A       100%        6
 Dragon Form              Tmut           0%         N/A       100%        7
 Orb of Destruction       Conj           0%         9d5       100%        7
 Dragon's Call            Summ           0%         N/A       100%        9
 Polar Vortex             Ice            0%         N/A       100%        9


Dungeon Overview and Level Annotations

Branches:
Dungeon (11/15)            Temple (1/1) D:7            Lair (0/5) D:9
    Orc (2/2) D:9             Elf (0/3) Orc:2

Altars:
Ashenzari
Cheibriados
Dithmenos
Elyvilon
Fedhas
Gozag
Hepliaklqana
Kikubaaqudgha
Makhleb
Nemelex Xobeh
Okawaru
Qazlal
Ru
Sif Muna
Trog
Uskayaw
Vehumet
Wu Jian
Xom
Yredelemnul
Zin
The Shining One

Annotations:
Orc:2 Donald


Innate Abilities, Weirdness & Mutations

Your life essence is reduced to manifest your ancestor. (-10% HP)
Your flesh is cold resistant. (rC+)
You expend magic power (3 MP) to strengthen your wands.


Message History

Donald blocks Jocasta's attack.
Donald says, "Is it turtles all the way down?"
Donald hits Jocasta with a +1 vorpal eveningstar!!!
Jocasta is destroyed!
Your river rat bites Donald but does no damage.
Donald hits you with a +1 vorpal eveningstar!!
* * * LOW HITPOINT WARNING * * *
A hell rat scurries out from under your cloak.
* * * LOW HITPOINT WARNING * * *
Casting: Blink (safe; 4% risk of failure)
Press: ? - help, Q - select action, (/) - cycle Dir - look around, f - activate You blink.
Your hell rat bites Donald!
Donald says, "I'll never be able to carry all this gold!
I hate that."
Donald hits your hell rat with a +1 vorpal eveningstar!!
Your hell rat dies!
You feel stable enough to blink again.
Donald says, "I hate complainers so much."
Donald hits your river rat with a +1 vorpal eveningstar!!
Your river rat dies!
You flicker for a moment.
Donald says, "I hate complainers so much."
You flicker back into view.
Donald says, "I don't get what's so special about the number twenty-seven."
Casting: Blink (safe; 4% risk of failure)
Press: ? - help, Q - select action, (/) - cycle Dir - look around, f - activate You blink.
Donald says, "My feet hurt."
You feel stable enough to blink again. Donald completely misses you.
As you read the scroll of teleportation, it crumbles to dust.
You feel strangely unstable. Donald misses you.
Casting: Blink (safe; 4% risk of failure)
Press: ? - help, Q - select action, (/) - cycle Dir - look around, f - activate You blink.
Donald attacks as you move away!
Donald hits you with a +1 vorpal eveningstar!!
* * * LOW HITPOINT WARNING * * *
x2 Donald hits you with a +1 vorpal eveningstar!!
You die...

.....# ### #####.#.....#
.....####.## ### #..#.........
##.... #....#
##.###.)......#...
....#####...##
#...#..[##....#... ...#
#......# ##.....).###.###..
..#####.....####.......##.###
#..
..##.#.......#.>.........###
##.
..##.....#...........#.....###
##
....@....##.....@.).....)....##
#
........##.....@...#.#..<))...#
.[.....######.......###.......#
........##..........##..)...###
........##......#....##......#
...#............##...#......##
..####..........#..........##
.## #........#.##.........## ##
##.......#####.##....##


You could see Donald (fast, strong, poisoned, reflecting).

Vanquished Creatures
  A two-headed ogre (D:10)
  Erica (D:8)
  Pikel (D:7)
  An orc sorcerer (Orc:1)
  Maurice (D:8)
  A centaur skeleton (D:11)
  An unseen horror (D:10)
  Maggie (D:10)
  A kobold demonologist (D:11)
  3 trolls
  Prince Ribbit (D:8)
  A centaur simulacrum (D:11)
  A wyvern (D:9)
  11 yaks
  2 steam dragons
  A warg (Orc:1)
  3 vampire mosquitoes
  A water moccasin (D:8)
  An ice beast (D:5)
  7 orc warriors
  5 ogres
  3 centaurs
  3 lemures (D:7)
  4 bullfrogs
  3 necrophages
  2 scorpions (D:4)
  18 wights
  5 killer bees (D:10)
  2 howler monkeys
  2 jellies
  6 orc priests
  4 hounds
  An iguana (D:6)
  10 orc wizards
  The ghost of hawla the Firebug, a weakling MeFE (D:3)
  6 gnolls
  8 adders
  A shadow imp (D:7)
  A white imp (D:8)
  3 ufetubi
  A worm (D:2)
  3 dart slugs
  39 orcs
  8 ball pythons
  9 endoplasms
  10 giant cockroaches (D:2)
  7 goblins
  6 hobgoblins
  2 jackals (D:3)
  4 quokkas
  6 bats
  2 frilled lizards
  6 kobolds
  6 rats
238 creatures vanquished.

Vanquished Creatures (collateral kills)
  An orc high priest (Orc:2)
  A troll (D:11)
  2 flying skulls (D:11)
  4 yaks (D:10)
  A steam dragon (D:10)
  A vampire mosquito (D:10)
  4 orc warriors
  2 ogres (Orc:2)
  3 kobold brigands (D:11)
  A killer bee (D:10)
  4 orc priests
  6 orc wizards
  9 orcs
  2 kobolds (D:11)
41 creatures vanquished.

Vanquished Creatures (others)
  An orc priest (D:9)
  2 ancestors
  3 knights
6 creatures vanquished.

Grand Total: 285 creatures vanquished

Notes
Turn   | Place    | Note
-------+----------+-------------------------------------------
     0 | D:1      | nachturnus the Human Gladiator began the quest for the Orb.
     0 | D:1      | Reached XP level 1. HP: 16/16 MP: 1/1
   346 | D:1      | Reached XP level 2. HP: 22/22 MP: 2/2
   745 | D:1      | Reached skill level 4 in Long Blades
   745 | D:1      | Reached XP level 3. HP: 25/27 MP: 3/3
  1011 | D:2      | Found a faded altar of an unknown god.
  1338 | D:2      | Reached XP level 4. HP: 32/33 MP: 4/4
  1540 | D:2      | Reached skill level 5 in Long Blades
  1769 | D:2      | Reached XP level 5. HP: 38/38 MP: 5/5
  2322 | D:3      | Found a runed translucent door.
  2327 | D:3      | Noticed hawla's ghost (weakling MeFE)
  3041 | D:4      | Reached skill level 6 in Long Blades
  3041 | D:4      | Reached XP level 6. HP: 24/44 MP: 6/6
  3611 | D:4      | Reached skill level 7 in Long Blades
  3629 | D:4      | Reached skill level 1 in Armour
  3882 | D:3      | Killed hawla's ghost
  3954 | D:4      | Reached XP level 7. HP: 50/50 MP: 7/7
  3964 | D:5      | Entered Level 5 of the Dungeon
  4440 | D:5      | Learned a level 2 spell: Blink
  4545 | D:5      | Reached skill level 1 in Spellcasting
  4550 | D:5      | Reached XP level 8. HP: 44/56 MP: 11/11
  4752 | D:5      | Reached skill level 1 in Translocations
  5231 | D:6      | Found a glowing golden altar of the Shining One.
  5519 | D:6      | Reached skill level 5 in Translocations
  5933 | D:6      | Reached XP level 9. HP: 58/59 MP: 12/12
  6573 | D:7      | Noticed a two-headed ogre
  7087 | D:7      | Reached skill level 5 in Fighting
  7204 | D:7      | Reached skill level 5 in Armour
  7648 | D:7      | Noticed Pikel
  7677 | D:7      | Killed Pikel
  7739 | D:7      | Found a staircase to the Ecumenical Temple.
  7857 | Temple   | Entered the Ecumenical Temple
  8216 | Temple   | Became a worshipper of Hepliaklqana the Forgotten
  8461 | D:8      | Reached XP level 10. HP: 74/74 MP: 13/13
  8502 | D:8      | Reached skill level 8 in Long Blades
  8639 | D:7      | Gained mutation: You passively dampen the noise of your
                  | surroundings. [potion of mutation]
  8639 | D:7      | Gained mutation: You are occasionally teleported next to
                  | monsters. [potion of mutation]
  8640 | D:7      | Lost mutation: You passively dampen the noise of your
                  | surroundings. [potion of mutation]
  8640 | D:7      | Lost mutation: You are occasionally teleported next to
                  | monsters. [potion of mutation]
  8640 | D:7      | Gained mutation: You are occasionally teleported next to
                  | monsters. [potion of mutation]
  8641 | D:7      | Lost mutation: You are occasionally teleported next to
                  | monsters. [potion of mutation]
  8641 | D:7      | Gained mutation: Armour fits poorly on your strangely
                  | shaped body. [potion of mutation]
  8641 | D:7      | Gained mutation: Your body sometimes deteriorates upon
                  | taking damage. [potion of mutation]
  8642 | D:7      | Lost mutation: Your body sometimes deteriorates upon taking
                  | damage. [potion of mutation]
  8642 | D:7      | Lost mutation: Armour fits poorly on your strangely shaped
                  | body. [potion of mutation]
  8642 | D:7      | Gained mutation: You are frail. (-10% HP) [potion of
                  | mutation]
  8642 | D:7      | Gained mutation: Armour fits poorly on your strangely
                  | shaped body. [potion of mutation]
  8642 | D:7      | Gained mutation: You possess an exceptional clarity of
                  | mind. [potion of mutation]
  8764 | D:8      | Identified the +3 flail of Qott {antimagic, rPois rC+
                  | Str+2}
  8837 | D:8      | Lost mutation: Armour fits poorly on your strangely shaped
                  | body. [potion of mutation]
  8837 | D:8      | Lost mutation: You are frail. (-10% HP) [potion of
                  | mutation]
  8837 | D:8      | Lost mutation: You possess an exceptional clarity of mind.
                  | [potion of mutation]
  8837 | D:8      | Gained mutation: You expend magic power (3 MP) to
                  | strengthen your wands. [potion of mutation]
  8837 | D:8      | Gained mutation: Your flesh is cold resistant. (rC+)
                  | [potion of mutation]
  9025 | D:8      | Noticed Prince Ribbit
  9069 | D:8      | Killed Prince Ribbit
  9070 | D:8      | Reached skill level 9 in Long Blades
  9296 | D:8      | Noticed Erica
  9330 | D:8      | Killed Erica
  9331 | D:8      | Reached skill level 10 in Long Blades
  9461 | D:8      | Noticed Maurice
  9494 | D:8      | Killed Maurice
  9512 | D:9      | Found a burning altar of Makhleb.
  9650 | D:9      | Reached skill level 11 in Long Blades
  9674 | D:9      | Reached * piety under Hepliaklqana
  9790 | D:9      | Found a staircase to the Lair.
  9846 | D:9      | Reached XP level 11. HP: 48/71 MP: 14/14
  9884 | D:9      | Found the +2 ratskin cloak {*Rats rPois rN+ Str-1 Int-1
                  | Dex+1}
  9944 | D:9      | Found a staircase to the Orcish Mines.
 10299 | D:9      | Reached skill level 5 in Dodging
 10692 | D:10     | Entered Level 10 of the Dungeon
 11080 | D:10     | Noticed a two-headed ogre
 11303 | D:10     | Reached ** piety under Hepliaklqana
 11304 | D:10     | Remembered your ancestor Jocasta as a knight
 11516 | D:10     | Noticed Maggie
 11529 | D:10     | Killed Maggie
 11938 | D:10     | Killed a two-headed ogre
 12056 | D:11     | Noticed a two-headed ogre
 12143 | D:11     | Reached XP level 12. HP: 79/82 MP: 15/15
 12250 | D:11     | Noticed an eight-headed hydra
 12624 | Orc:1    | Entered Level 1 of the Orcish Mines
 12749 | Orc:2    | Entered Level 2 of the Orcish Mines
 12831 | Orc:2    | Found a staircase to the Elven Halls.
 12946 | Orc:2    | Reached *** piety under Hepliaklqana
 12994 | Orc:2    | Noticed an orc high priest
 13167 | Orc:2    | Killed an orc high priest
 13168 | Orc:2    | Reached skill level 10 in Fighting
 13575 | Orc:2    | Noticed Donald
 13605 | Orc:2    | HP: 2/88 [Donald/+1 vorpal eveningstar (10)]
 13605 | Orc:2    | Annihilated by Donald

Illustrated notes

Levels and vault maps discovered:
D:1:      saegor_arrival_miasma, layout_basic
D:2:      minmay_roachtagon, layout_basic, nicolae_ecumenical_pavilion
D:3:      layout_loops_ring, ebering_ghost_reflecting_pool
D:4:      layout_loops_cross
D:5:      layout_basic, minmay_misc_feat_ornament, nicolae_fountain_basement
D:6:      layout_loops_ring, mainiacjoe_overflow_brackets
D:7:      layout_loops_ring, minmay_temple_entry_gardened_gates,
          minmay_microvault, uniq_pikel
D:8:      layout_basic, uniq_prince_ribbit1, uniq_erica, uniq_maurice
D:9:      layout_cave_pods, mainiacjoe_overflow_concentric_impassable,
          dpeg_oklobed_lair, orc_0_dummy
D:10:     layout_grid_maze, uniq_maggie
D:11:     lemuel_vampire_tower, layout_gridville, kennysheep_just_a_vault
Temple:   mainiacjoe_temple_cubbyholes
Orc:1:    layout_diamond_mine, basic_altar, uniq_snorg
Orc:2:    st_orc_congregation, layout_diamond_mine, uniq_donald

Skill      XL: |  1  2  3  4  5  6  7  8  9 10 11 12 |
---------------+-------------------------------------+-----
Long Blades    | 4 5 6 7 11 | 11.1
Armour         | 2 4 7 |  7.1
Spellcasting   | 2 |  2.2
Translocations | 6 |  6.0
Fighting       | 5 8 10 | 10.5
Dodging        | 4 8 |  8.0
Throwing       | |  2.8

Action                   |  1- 3 |  4- 6 |  7- 9 | 10-12 || total
-------------------------+-------+-------+-------+-------++-------
Melee: Long sword        |    84 |   171 |   450 |   361 ||  1066
       Punch             |     1 |     4 |     6 |     7 ||    18
       Falchion          |       |       |       |    83 ||    83
 Cast: Blink             |       |       |     3 |     4 ||     7
Invok: Recall Ancestor   |       |       |       |     3 ||     3
       Ancestor Life: Kn |       |       |       |     1 ||     1
       Ancestor Identity |       |       |       |     1 ||     1
  Use: Scroll            |     5 |       |     5 |    10 ||    20
       Potion            |       |       |    10 |    15 ||    25
 Stab: Sleeping          |       |     1 |       |       ||     1
       Distracted        |       |       |       |     2 ||     2
       Invisible         |       |       |       |     1 ||     1
Armor: Leather armour    |    15 |       |       |       ||    15
       Ring mail         |    17 |   107 |   192 |   210 ||   526
       Skin              |       |       |    27 |       ||    27
Dodge: Dodged            |    68 |   125 |   251 |   349 ||   793
